 Dungeon Crawl Stone Soup version 0.30-b1-2-g02819fbbbe (webtiles) character file.

Game seed: 10978864093666096261

24 setisgood the Covered (level 3, 23/23 HPs)
             Began as a Meteoran Fighter on Nov 20, 2023.
             Quit the game on level 1 of the Dungeon.
             The game lasted 00:03:17 (580 turns).

setisgood the Covered (Meteoran Fighter)             Turns: 580, Time: 00:03:17

Health: 23/23      AC:  7    Str: 19    XL:     3   Next: 32%
Magic:  4/4        EV:  9    Int:  9    God:
Gold:   28         SH:  5    Dex: 14    Spells: 2/2 levels left

rFire   . . .        a - +0 flail
rCold   . . .        c - +0 buckler
rNeg    . . .        b - +0 scale mail
rPois   .            (no helmet)
rElec   .            (no cloak)
rCorr   .            (no gloves)
SInv    .            (no boots)
Will    .....        (no amulet) Stlth
                     (no ring)
HPRegen 0.23/turn    (no ring)
MPRegen 0.09/turn

%: no passive effects
@: glowing
A: sense surroundings 1, otherworldly, glowing, explore regen
a: no special abilities


You were on level 1 of the Dungeon.
You visited 1 branch of the dungeon, and saw 1 of its levels.

You collected 28 gold pieces.

Inventory:

Hand Weapons
 a - a +0 flail (weapon)
Armour
 b - a +0 scale mail (worn)
 c - a +0 buckler (worn)
Scrolls
 e - a scroll of brand weapon {unknown}
 g - a scroll of identify {unknown}
Potions
 d - a potion of might
 f - 2 potions of invisibility {unknown}


   Skills:
 + Level 3.6 Fighting
 * Level 3.3 Maces & Flails
 + Level 4.0 Armour
 + Level 4.0 Shields


You had 2 spell levels left.
You didn't know any spells.
Your spell library was empty.

Dungeon Overview and Level Annotations

Branches:
Dungeon (1/15) Zot: 200

Altars:


Innate Abilities, Weirdness & Mutations

You passively map a small area around you.
You are easily found by Zot.
You glow in the dark.
You regain HP and MP as you explore.


Message History

A dart slug is nearby!
The dart slug launches a dart at you.
The slug dart hits you but does no damage.
You hit the dart slug but do no damage. The dart slug launches a dart at you.
You block the slug dart.
You completely miss the dart slug. The dart slug closely misses you.
You hit the dart slug.
The dart slug is moderately wounded.
The dart slug bites you but does no damage.
You hit the dart slug but do no damage.
The dart slug is moderately wounded.
Zot draws nearer.
Dive deeper or flee this branch before you suffer!
The dart slug launches a dart at you.
The slug dart hits you but does no damage.
You hit the dart slug but do no damage.
The dart slug is moderately wounded.
You block the dart slug's attack.
You sock the dart slug!
You kill the dart slug!
Your Shields skill increases to level 4!
You see here a dart slug corpse.
You open the door.
There is an open door here.
A bat comes into view.
A bat is nearby!
The bat barely misses you. The bat hits you but does no damage. x2
You miss the bat. The bat completely misses you.
The bat hits you but does no damage. The bat barely misses you.
You hit the bat.
The bat is severely wounded.
The bat hits you but does no damage. x2
You sock the bat!
You kill the bat!
Zot has nearly found you.
Suffering is imminent.
Descend or flee this branch!
Zot's power touches on you...
Unknown command.
Unknown command.
Are you sure you want to abandon this character and quit the game? (Confirm with "yes".)

,, , , , * #
###########################, #
#.........................#, #
#.#######################.#, #
#.#.##############. ...#†#.
######.#..............#.####.#.#.
......................+........>.
.........########.....#.#..#.....
#.####.#.##.....@..#..# #.##.....
.......#.##.########.##.#........
#......#.# ,#....#.##.#.###...#
#......#.#** ,#....#.##...>......
#.###..#.# ,#..#.#.####.#####.#
#......#.# #.####.#.####.#####.#
######...# #......#.....).......
##..########....####.#####.# ,,
#.........'....+ #.# #.#


There were no monsters in sight!

Vanquished Creatures
  A dart slug (D:1)
  2 bats (D:1)
  2 endoplasms (D:1)
  5 giant cockroaches (D:1)
  2 goblins (D:1)
  2 hobgoblins (D:1)
  A quokka (D:1)
  2 ball pythons (D:1)
  A kobold (D:1)
  2 rats (D:1)
20 creatures vanquished.

Notes
Turn   | Place    | Note
-------+----------+-------------------------------------------
     0 | D:1      | setisgood the Meteoran Fighter began the quest for the Orb.
     0 | D:1      | Reached XP level 1. HP: 19/19 MP: 2/2
   102 | D:1      | Reached XP level 2. HP: 26/26 MP: 3/3
   381 | D:1      | Reached XP level 3. HP: 12/31 MP: 4/4
   481 | D:1      | Glimpsed the power of Zot.
   530 | D:1      | Glimpsed the power of Zot.
   569 | D:1      | Glimpsed the power of Zot.
   579 | D:1      | Touched by the power of Zot.
   580 | D:1      | Quit the game

Illustrated notes

Levels and vault maps discovered:
D:1:      saegor_arrival_simple_c, layout_basic,
          shapermc_ecumenical_altar_acropolis, serial_shops, shop

Skill      XL: |  1  2  3 |
---------------+----------+-----
Maces & Flails | 3 |  3.3
Armour         | 4 |  4.0
Shields        | 4 |  4.0
Fighting       | |  3.6

Action                     || total
---------------------------++-------
  Melee: Flail             ||    72
 Armour: Scale mail        ||    51
  Dodge: Dodged            ||    46
  Block: Buckler           ||    20
